 Dungeon Crawl Stone Soup version 0.27-a0-909-g0721f309d1 (webtiles) character file.

Game seed: 17769847143062183109

56 Alarkh the Insei (level 3, 0/27 HPs)
             Began as a Demonspawn Transmuter on Apr 8, 2021.
             Succumbed to an adder's poison
             ... on level 2 of the Dungeon.
             The game lasted 00:01:15 (931 turns).

Alarkh the Insei (Demonspawn Transmuter)             Turns: 931, Time: 00:01:15

Health: 0/27       AC:  2    Str: 10    XL:     3   Next: 69%
Magic:  4/6        EV: 12    Int: 15    God:
Gold:   65         SH:  0    Dex: 13    Spells: 5/6 levels left

rFire    . . .     SeeInvis .     - Unarmed
rCold    . . .     Faith    .   (no shield)
rNeg     . . .     Spirit   .   a - +0 robe
rPois    .         Reflect  .   (helmet currently unavailable)
rElec    .         Harm     .   (no cloak)
rCorr    .         Rampage  .   (no gloves)
Will     .....     Clarity  +   (boots currently unavailable)
Stlth    +.........             (no amulet)
HPRegen  0.09/turn              (no ring)
MPRegen  0.10/turn              (no ring)

@: brilliant, lethally poisoned (0 -> -1), appendages (expiring)
A: horns 2, talons 2, spiny 1, clarity, wild magic 1
a: End Transformation


You were on level 2 of the Dungeon.
You had temporarily grown beastly horns and talons.
You visited 1 branch of the dungeon, and saw 2 of its levels.

You collected 65 gold pieces.

Inventory:

Armour
 a - a +0 robe (worn)
 f - a +2 pair of boots (melded)
Magical Staves
 h - a staff of conjuration


   Skills:
 + Level 2.1 Fighting
 - Level 1.7 Dodging
 * Level 3.8 Unarmed Combat
 - Level 2.0 Spellcasting
 - Level 1.7 Transmutations


You had 5 spell levels left.
You knew the following spells:

 Your Spells              Type           Power      Damage    Failure   Level
a - Beastly Appendage     Tmut           26%        N/A       16%         1

Your spell library contained the following spells:

 Spells                   Type           Power      Damage    Failure   Level
 Wereblood                Tmut           13%        N/A       22%         2
 Spider Form              Tmut/Pois      4%         N/A       52%         3
 Ice Form                 Ice/Tmut       8%         N/A       88%         4
 Hydra Form               Tmut           6%         N/A       98%         5


Dungeon Overview and Level Annotations

Branches:
Dungeon (2/15)

Altars:


Innate Abilities, Weirdness & Mutations

You have temporarily grown beastly horns and talons.
You are partially covered in sharp spines.
You possess an exceptional clarity of mind.
Your spells are a little harder to cast, but a little more powerful.


Message History

You are too injured to fight recklessly!
You are too injured to fight recklessly!
You closely miss the adder.
The adder is heavily wounded.
You feel sick. The adder closely misses you.
You barely miss the adder.
The adder is heavily wounded.
You feel sick. The adder is struck by your spines. The adder bites you.
You are lethally poisoned!
The adder poisons you! The adder barely misses you.
You barely miss the adder. Your kick misses the adder. You headbutt the adder.
You kill the adder!
Your transformation is almost over.
* * * LOW HITPOINT WARNING * * *
You feel sick.
It was a potion of mutation.
You feel extremely strange.
Your thoughts seem clearer.
You feel less in control of your magic.
* * * LOW HITPOINT WARNING * * *
You feel sick.
It was a potion of brilliance.
You feel clever all of a sudden.
* * * LOW HITPOINT WARNING * * *
You feel sick.
As you read the scroll labelled MOIVEL OQUNLO, it crumbles to dust.
You hear a loud clanging noise!
It was a scroll of noise.
* * * LOW HITPOINT WARNING * * *
You feel sick.
You hear a shout! x2
As you read the scroll labelled OTHRUTI KUECEDD, it crumbles to dust.
It is a scroll of enchant weapon.
You aren't carrying any weapons that can be enchanted.
* * * LOW HITPOINT WARNING * * *
You feel sick.
As you read the scroll labelled PISTRO SAOSHRUIT, it crumbles to dust.
You assume a fearsome visage.
Nothing appears to happen.
It was a scroll of fear.
* * * LOW HITPOINT WARNING * * *
You feel sick.
You die...

#.........<#
.##.#...#....#
.......<....>#
####.#...#.##.#
.........#.##
#......#....#
#.#.......###
#.###.#######.#
#......@......#
#.###†#########
#.........
#.........
#....S....
..........
#......S...
#....$.....
#..........


There were no monsters in sight!

Vanquished Creatures
  3 adders (D:2)
  A dart slug (D:1)
  2 ball pythons (D:1)
  2 endoplasms (D:1)
  2 giant cockroaches (D:1)
  2 goblins (D:1)
  3 hobgoblins (D:1)
  4 jackals (D:2)
  2 bats
  2 kobolds (D:1)
  A rat (D:1)
24 creatures vanquished.

Notes
Turn   | Place    | Note
-------+----------+-------------------------------------------
     0 | D:1      | Alarkh the Demonspawn Transmuter began the quest for the
                  | Orb.
     0 | D:1      | Reached XP level 1. HP: 15/15 MP: 3/3
   145 | D:1      | Reached skill level 3 in Unarmed Combat
   412 | D:1      | Gained mutation: You are partially covered in sharp spines.
                  | [demonic ancestry]
   412 | D:1      | Reached XP level 2. HP: 18/21 MP: 3/5
   909 | D:2      | Reached XP level 3. HP: 21/27 MP: 4/6
   926 | D:2      | Gained mutation: You possess an exceptional clarity of
                  | mind. [potion of mutation]
   926 | D:2      | Gained mutation: Your spells are a little harder to cast,
                  | but a little more powerful. [potion of mutation]
   930 | D:2      | HP: 1/27 [poisoned by an adder]
   931 | D:2      | Succumbed to an adder's poison

Illustrated notes

Levels and vault maps discovered:
D:1:      amcnicky_arrival_gap_in_the_tavern_cellar, layout_loops_cross
D:2:      layout_basic, serial_shops, shop, shapermc_ecumenical_altar_notcrosses

Skill      XL: |  1  2  3 |
---------------+----------+-----
Unarmed Combat | 3 |  3.8
Fighting       | 2 |  2.1
Dodging        | |  1.7
Spellcasting   | |  2.0
Transmutations | |  1.7

Action                   || total
-------------------------++-------
Melee: Unarmed           ||    58
       Kick              ||     6
       Headbutt          ||     6
       Punch             ||     1
 Cast: Beastly Appendage ||    13
  Use: Scroll            ||     3
       Potion            ||     2
Armor: Robe              ||     9
Dodge: Dodged            ||    42

Table legend: (Time is in decaauts)
 A = Elapsed time spent in this place.
 B = Non-inter-level travel time spent in this place.
 C = Inter-level travel time spent in this place.
 D = Time resting spent in this place.
 E = Time spent auto-exploring this place.
 F = Levels seen in this place.
 G = Mean time per level.
                   A        B        C        D        E       F      G
               +--------+--------+--------+--------+--------+-----+--------+
         Total |    927 |    877 |     50 |      3 |    721 |   2 |  463.5 |
       Dungeon |    927 |    877 |     50 |      3 |    721 |   2 |  463.5 |
               +--------+--------+--------+--------+--------+-----+--------+

Top non-repeatable levels by time:
     D:1: 867 daAuts
     D:2: 59 daAuts
